cohdb
Replays
Latest Replays
All Replays
Popular Replays
Top Player Replays
Match Explorer
How It Works
Community
CoH3 Stats
Reddit
Sign in to upload your games and track your stats! →
Sign in with Steam
Match 45839346
Unlisted
Match 45839346
Overview
Messages
Build Orders
End
Construct Weapon Support Center
Selects Special Operations Battlegroup
Selects M29 Weasel Recon Vehicle
M29 Weasel Recon Vehicle
Engineer Squad
Mechanized Support Center
.30 cal Machine Gun
M3 Armored Personnel Carrier
Improvised Armor
M29 Weasel Recon Vehicle
Selects Mark Vehicle
Mark Vehicle
M29 Weasel Recon Vehicle
Mark Vehicle
Bazooka Squad
Construct Tank Depot
Mark Vehicle
M29 Weasel Recon Vehicle
Selects Raiding Flares
Selects SSF Commando Squad
SSF Commando Squad
Raiding Flares
Selects UNKNOWN (2162291)
M4A1 Sherman Medium Tank
.30 cal Machine Gun
M4A1 76mm Conversion
Engineer Squad
Rapid Repairs
Designate Forward Repair Station
Bazooka Squad
M4A1(76) Sherman Medium Tank
SSF Commando Squad
Mark Vehicle
Selects Air Re-supply Operation
Raiding Flares
Mark Vehicle
M4A1(76) Sherman Medium Tank
SSF Commando Squad
SSF Commando Squad
M18 Hellcat Tank Destroyer
Salvage Crew
Unix
7040288
Fajolada
Ali
0
0
Comments
sign in to comment!
No comments posted yet!